 Dungeon Crawl Stone Soup version 0.18-a0-1774-gce1f7b6 (webtiles) character file.

140 GrandHerb the Shooter (level 5, -6/44 HPs)
             Began as a Centaur Hunter on Apr 15, 2016.
             Was an Initiate of Qazlal.
             Mangled by Grinder (7 damage)
             ... on level 4 of the Dungeon.
             The game lasted 00:24:45 (3208 turns).

GrandHerb the Shooter (Centaur Hunter)              Turns: 3208, Time: 00:24:46

Health: -6/44      AC:  9    Str: 14    XL:     5   Next: 2%
Magic:  5/5        EV:  2    Int: 10    God:    Qazlal [......]
Gold:   192        SH:  0    Dex: 11    Spells: 0 memorised, 4 levels left

rFire  + . .     SeeInvis .     a - +1 shortbow
rCold  x . .     Gourm    .     c - +0 leather armour
rNeg   . . .     Faith    .     (shield currently unavailable)
rPois  .         Spirit   .     n - +0 helmet
rElec  .         Dismiss  .     (no cloak)
rCorr  .         Reflect  .     (no gloves)
SustAt .         Harm     .     t - +0 centaur barding
MR     .....                    (no amulet)
Stlth  +.........               (no ring)
                                v - ring of fire

@: very quick, not resistant to hostile enchantments, very unstealthy
A: hooves 3, deformed body, speed 2, tough skin 3
a: Renounce Religion


You were on level 4 of the Dungeon.
You worshipped Qazlal.
Qazlal was noncommittal.
You were very hungry.

You visited 1 branch of the dungeon, and saw 4 of its levels.

You collected 192 gold pieces.

Inventory:

Hand Weapons
 a - a +1 shortbow (weapon)
 b - a +0 short sword
 i - a +0 spear
Missiles
 d - 37 arrows (quivered)
Armour
 c - a +0 leather armour (worn)
 n - a +0 helmet (worn)
 t - a +0 centaur barding (worn)
Jewellery
 v - a ring of fire (left hand)
Scrolls
 e - a scroll of identify {unknown}
 g - 6 scrolls of remove curse {unknown}
 k - a scroll of noise {unknown}
 l - 2 scrolls of enchant armour {unknown}
 m - a scroll of teleportation {unknown}
 q - 2 scrolls of recharging {unknown}
Potions
 h - a potion of berserk rage {unknown}
 j - a potion of curing {unknown}
 o - a potion of heal wounds {unknown}
 r - a potion of cure mutation {unknown}
 s - a potion of haste {unknown}
 u - a potion of flight {unknown}
Comestibles
 f - a bread ration
 p - 2 meat rations


   Skills:
 + Level 2.8 Fighting
 + Level 2.0 Polearms
 + Level 6.1 Bows
 + Level 2.2 Dodging
 - Level 1.0 Stealth


You had 4 spell levels left.
You didn't know any spells.

Dungeon Overview and Level Annotations

Branches:
Dungeon (4/15)
 Temple: D:4-7

Altars:
Cheibriados
Fedhas
Nemelex Xobeh
Qazlal
Sif Muna

Annotations:
D:4 Grinder


Innate Abilities, Weirdness & Mutations

You have hooves in place of feet.
Armour fits poorly on your strangely shaped body.
You cover ground very quickly.
You have extremely tough skin (AC +3).


Message History

Firing (i - inventory):
d - 39 arrows (quivered)
Press: ? - help, Shift-Dir - straight line, f/p - Grinder
Aim: Grinder (moderately wounded)
You shoot an arrow. The arrow hits Grinder.
Grinder is heavily wounded.
Grinder hits you.
You writhe in agony.
* * * LOW HITPOINT WARNING * * *
Firing (i - inventory):
d - 38 arrows (quivered)
Press: ? - help, Shift-Dir - straight line, f/p - Grinder
Aim: Grinder (moderately wounded)
You shoot an arrow. The arrow hits Grinder.
Grinder is heavily wounded.
Grinder hits you!
* * * LOW HITPOINT WARNING * * *
You writhe in agony.
* * * LOW HITPOINT WARNING * * *
Grinder says, "At least Makhleb appreciates what I'm doing."
There is a stone staircase leading up, spattered with blood here.
Grinder hits you!
You die...

## ...
#############....
#.....@5.........
#.######(..#.....
#.(.##....
#...#.....
#...(...... #
##....#.....
#(#####.....####..
#.(..#......(.#
#..(.#.h.>.##.#


You could see Grinder.

Vanquished Creatures
  Robin (D:2)
  4 adders
  A shadow imp (D:3)
  3 worms
  A giant gecko (D:1)
  3 orcs (D:3)
  3 giant cockroaches
  11 goblins
  8 hobgoblins
  8 jackals
  8 kobolds
  2 quokkas
  4 bats
  10 rats
67 creatures vanquished.

Notes
Turn   | Place    | Note
--------------------------------------------------------------
     0 | D:1      | GrandHerb the Centaur Hunter began the quest for the Orb.
     0 | D:1      | Reached XP level 1. HP: 17/17 MP: 1/1
   631 | D:1      | Reached skill level 1 in Stealth
   631 | D:1      | Reached XP level 2. HP: 24/24 MP: 2/2
  1010 | D:1      | Reached skill level 1 in Polearms
  1130 | D:2      | Reached XP level 3. HP: 29/29 MP: 3/3
  1215 | D:2      | Noticed Robin
  1271 | D:2      | Killed Robin
  1459 | D:2      | Found a blossoming altar of Fedhas.
  1481 | D:2      | Found a sparkling altar of Nemelex Xobeh.
  1543 | D:2      | Found a snail-covered altar of Cheibriados.
  1571 | D:2      | Reached XP level 4. HP: 37/37 MP: 4/4
  1643 | D:2      | Found a deep blue altar of Sif Muna.
  2435 | D:3      | Reached skill level 6 in Bows
  2606 | D:3      | Noticed an air elemental
  2609 | D:3      | Found a stormy altar of Qazlal.
  2610 | D:3      | Noticed an earth elemental
  2612 | D:3      | Noticed a water elemental
  2612 | D:3      | Noticed a fire elemental
  2621 | D:3      | Became a worshipper of Qazlal Stormbringer
  3150 | D:4      | Noticed Grinder
  3186 | D:4      | Reached XP level 5. HP: 39/42 MP: 5/5
  3206 | D:4      | HP: 1/44 [Grinder (3)]
  3208 | D:4      | Mangled by Grinder

Vault maps used:
D:1:      lemuel_arrival_broad_hall, st_stairs_13, minmay_door_square
D:2:      fedhas_altar_3, lemuel_crystal_altar,
          nemelex_xobeh_ov_fountains_minmay, lemuel_blue_sif_altar,
          corexii_leaking_fountain, uniq_robin
D:3:      nicolae_qazlal_style_of_elements, minmay_goblin_kobold_house
D:4:      vehumet_altar_wand_db, first_bread, nicolae_tso_besieged_by_evil,
          uniq_grinder

Skill      XL: |  1  2  3  4 |
---------------+-------------+-----
Stealth        | 1 |  1.0
Polearms       | 1 2 |  2.0
Dodging        | 2 |  2.2
Bows           | 6 |  6.1
Fighting       | |  2.8

Action                   |  1- 3 |  4- 6 || total
-------------------------+-------+-------++-------
Melee: Spear             |     6 |    32 ||    38
       Kick              |     1 |     5 ||     6
       Shortbow          |     1 |     1 ||     2
 Fire: Shortbow          |    93 |   116 ||   209
  Eat: Chunk             |       |     3 ||     3
Armor: Leather armour    |    12 |    52 ||    64
Dodge: Dodged            |    26 |    33 ||    59
